 Dungeon Crawl Stone Soup version 0.31-a0-246-g8cbcc1cb85 (webtiles) character file.

Game seed: 15076629179841104184

606 rabbitsville the Trooper (level 7, -8/99 HPs)
             Began as a Hill Orc Fighter on July 13, 2023.
             Was a Believer of Okawaru.
             Mangled by Duvessa
             ... wielding a +0 rapier of electrocution
              (18 damage)
             ... on level 5 of the Dungeon.
             The game lasted 00:11:31 (3397 turns).

rabbitsville the Trooper (Hill Orc Fighter)         Turns: 3397, Time: 00:11:32

Health: -8/99      AC: 23    Str: 21    XL:     7   Next: 42%
Magic:  8/8        EV:  2    Int:  8    God:    Okawaru [**....]
Gold:   207        SH:  4    Dex: 10    Spells: 6/6 levels left

rFire   . . .        a - +0 war axe
rCold   . . .        c - +0 buckler
rNeg    . . .        k - melded +0 chain mail
rPois   +            w - melded +0 helmet
rElec   .            m - melded +1 cloak
rCorr   +            s - melded +0 pair of gloves
SInv    .            (boots currently unavailable)
Will    .....        (no amulet)
Stlth   +            p - ring of resist corrosion
HPRegen 0.36/turn    (no ring)
MPRegen 0.11/turn

%: no passive effects
@: tree-form
A: stationary, stasis, torment immunity, boosted hp
a: Renounce Religion, Heroism


You were on level 5 of the Dungeon.
You worshipped Okawaru.
Okawaru was pleased with you.
You were a tree.
You visited 1 branch of the dungeon, and saw 5 of its levels.

You collected 246 gold pieces.
You spent 39 gold pieces at shops.

Inventory:

Hand Weapons
 a - a +0 war axe (weapon)
Missiles
 l - 8 javelins
 A - a throwing net
Armour
 b - a +0 scale mail
 c - a +0 buckler (worn)
 k - a +0 chain mail (melded)
 m - a +1 cloak (melded)
 s - a +0 pair of gloves (melded)
 w - a +0 helmet (melded)
Jewellery
 p - a ring of resist corrosion (left branch)
 C - a ring of magical power
Wands
 x - a wand of flame (18)
Scrolls
 e - 3 scrolls of fog {unknown}
 g - 4 scrolls of identify {unknown}
 h - a scroll of poison {unknown}
 q - 3 scrolls of teleportation
 r - a scroll of noise {unknown}
 u - a scroll of immolation {unknown}
 y - a scroll of amnesia {unknown}
 B - a scroll of enchant armour {unknown}
 D - a scroll of blinking {unknown}
 G - 2 scrolls of enchant weapon {unknown}
Potions
 d - a potion of might
 i - a potion of brilliance
 n - a potion of curing
 o - a potion of ambrosia
 t - a potion of haste {unknown}
 v - a potion of heal wounds {unknown}
 z - a potion of attraction {unknown}
 E - a potion of resistance {unknown}
 F - a potion of invisibility {unknown}


   Skills:
 * Level 7.0 Fighting
 * Level 6.9 Axes
 - Level 3.2 Armour
 - Level 4.4 Shields
 + Level 2.3 Invocations


You had 6 spell levels left.
You didn't know any spells.
Your spell library contained the following spells:

 Spells                   Type           Power      Damage    Failure   Level
 Slow                     Hex            0%         N/A       47%         1
 Confusing Touch          Hex            0%         N/A       85%         3
 Dazzling Flash           Conj/Hex       0%         N/A       85%         3
 Mephitic Cloud           Conj/Pois/Air  0%         N/A       85%         3
 Vampiric Draining        Necr           0%         2d6       85%         3
 Cause Fear               Hex            0%         N/A       99%         4
 Agony                    Necr           0%         N/A       100%        5
 Silence                  Hex/Air        0%         N/A       100%        5
 Yara's Violent Unravell  Hex/Tmut       0%         3d3       100%        5
 Summon Guardian Golem    Hex/Summ       Unusable   N/A       N/A         3

Dungeon Overview and Level Annotations

Branches:
Dungeon (5/15)
 Temple: D:4-7

Altars:
Dithmenos
Okawaru

Shops:
D:2 ?[   D:4 [

Annotations:
D:5 Dowan, Duvessa


Message History

You hit Duvessa.
Duvessa is heavily wounded.
You closely miss Dowan. Dowan hits you with a +0 dagger.
You block Duvessa's attack.
You hit Duvessa but do no damage.
Duvessa is heavily wounded.
You barely miss Dowan.
Duvessa hits you with a +0 rapier of electrocution.
* * * LOW HITPOINT WARNING * * *
You are electrocuted!!
* * * LOW HITPOINT WARNING * * *
Dowan closely misses you.
It was a potion of brilliance.
You feel clever all of a sudden. Duvessa barely misses you.
Dowan barely misses you.
It was a potion of curing.
You feel better. Duvessa barely misses you. Dowan hits you with a +0 dagger.
* * * LOW HITPOINT WARNING * * *
It was a potion of ambrosia.
You are confused.
You feel invigorated.
Duvessa hits you with a +0 rapier of electrocution.
* * * LOW HITPOINT WARNING * * *
Dowan smirks and points a slender finger.
Dowan hits you but does no damage.
You are too confused!
It was a potion of cancellation.
Your magical effects are unravelling.
You feel magically purged.
You feel less invigorated.
You feel less confused.
You feel a little less clever now.
Duvessa hits you with a +0 rapier of electrocution.
* * * LOW HITPOINT WARNING * * *
Dowan hits you but does no damage.
It was a potion of lignification.
You turn into a tree.
Your +1 cloak melds into your body.
Your +0 helmet melds into your body.
Your +0 pair of gloves melds into your body.
Your +0 chain mail melds into your body.
Your roots penetrate the ground.
Duvessa hits you but does no damage.
You are electrocuted!!
You die...

## ### #.. #..
#...#.. #...#..
....... #####
#......
.##########.....
####...
....>...........
....... .##.e♣e..#
####...
#.....##..######
#...
#.###........<.###
#e##
##.....###...####...
.....###.#
###........ ##.##
#.# ######..# #.
...## ##..# # ....e.
#..).
....##..####.##.


You could see Duvessa and Dowan.

Vanquished Creatures
  An ogre (D:5)
  A phantom (D:4)
  A scorpion (D:4)
  A howler monkey (D:4)
  3 hounds
  An orc priest (D:4)
  3 iguanas (D:4)
  Robin (D:3)
  An adder (D:2)
  An ufetubus (D:4)
  3 worms
  2 dart slugs
  9 orcs
  4 bats
  6 endoplasms
  3 giant cockroaches
  14 goblins
  12 hobgoblins
  7 jackals (D:1)
  3 quokkas
  10 ball pythons
  4 frilled lizards
  9 kobolds
  4 rats
104 creatures vanquished.

Notes
Turn   | Place    | Note
-------+----------+-------------------------------------------
     0 | D:1      | rabbitsville the Hill Orc Fighter began the quest for the
                  | Orb.
     0 | D:1      | Reached XP level 1. HP: 19/19 MP: 1/1
    53 | D:1      | Reached XP level 2. HP: 27/27 MP: 2/2
    89 | D:1      | Reached skill level 4 in Fighting
   349 | D:1      | Reached XP level 3. HP: 24/33 MP: 3/3
   406 | D:1      | Got the Parchment of Intoxicating Guile
   662 | D:2      | Reached XP level 4. HP: 22/41 MP: 4/4
   992 | D:2      | Found Guduho's Magic Scroll Shop.
  1029 | D:2      | Bought a scroll of teleportation for 39 gold pieces
  1100 | D:2      | Reached skill level 5 in Fighting
  1198 | D:2      | Found Cuffibra's Armour Shop.
  1720 | D:3      | Noticed Robin
  1723 | D:3      | Reached XP level 5. HP: 48/48 MP: 5/5
  1735 | D:3      | Killed Robin
  1929 | D:3      | Found an iron altar of Okawaru.
  1932 | D:3      | Found a shadowy altar of Dithmenos.
  1960 | D:3      | Became a worshipper of Warmaster Okawaru
  2173 | D:4      | Noticed a phantom
  2204 | D:4      | Killed a phantom
  2205 | D:4      | Reached skill level 5 in Axes
  2205 | D:4      | Reached XP level 6. HP: 57/57 MP: 6/6
  2265 | D:4      | Found Olem's Armour Shop.
  2623 | D:4      | Reached * piety under Okawaru
  2800 | D:5      | Entered Level 5 of the Dungeon
  2812 | D:4      | Reached skill level 6 in Fighting
  2997 | D:5      | Noticed Dowan
  2997 | D:5      | Noticed Duvessa
  3047 | D:4      | Reached skill level 1 in Invocations
  3135 | D:4      | Reached XP level 7. HP: 45/64 MP: 8/8
  3219 | D:5      | Reached ** piety under Okawaru
  3383 | D:5      | Reached skill level 7 in Fighting
  3392 | D:5      | HP: 1/66 [Duvessa/+0 rapier of electrocution (18)]
  3397 | D:5      | Mangled by Duvessa

Illustrated notes

Levels and vault maps discovered:
D:1:      psy_arrival_whirlpool, layout_basic, serial_bayou_crossing
D:2:      layout_basic, serial_shops, shop, nicolae_shop_hallway_stairs,
          chequers_serial_rivers_large_a
D:3:      layout_loops_cross, nicolae_overflow_squiral, uniq_robin
D:4:      layout_loops_ring, serial_shops, nicolae_shop_peninsula
D:5:      layout_rooms, uniq_duvessa, uniq_crazy_yiuf_cottage

Skill      XL: |  1  2  3  4  5  6  7 |
---------------+----------------------+-----
Axes           | 3 4 5 6 |  6.9
Fighting       | 4 5 6 7 |  7.0
Shields        | 4 |  4.4
Invocations    | 1 2 |  2.3
Armour         | |  3.2

Action                     |  1- 3 |  4- 6 |  7- 9 || total
---------------------------+-------+-------+-------++-------
  Melee: War axe           |   108 |   172 |    22 ||   302
    Use: Potion            |       |       |     5 ||     5
 Armour: Scale mail        |    66 |       |       ||    66
         Chain mail        |       |   132 |    13 ||   145
         Skin              |       |       |     1 ||     1
  Dodge: Dodged            |    58 |    63 |     9 ||   130
  Block: Buckler           |    34 |    44 |     3 ||    81

Table legend: (Time is in decaauts)
 A = Elapsed time spent in this place.
 B = Non-inter-level travel time spent in this place.
 C = Inter-level travel time spent in this place.
 D = Time resting spent in this place.
 E = Time spent auto-exploring this place.
 F = Levels seen in this place.
 G = Mean time per level.
                   A        B        C        D        E       F      G
               +--------+--------+--------+--------+--------+-----+--------+
         Total |   3517 |   3336 |    181 |    227 |   1831 |   5 |  703.4 |
       Dungeon |   3517 |   3336 |    181 |    227 |   1831 |   5 |  703.4 |
               +--------+--------+--------+--------+--------+-----+--------+

Top non-repeatable levels by time:
     D:4: 1047 daAuts
     D:2: 826 daAuts
     D:3: 743 daAuts
     D:1: 630 daAuts
     D:5: 268 daAuts
